 Dungeon Crawl Stone Soup version 0.16-a0-3880-g9314259 (console) character file.

114 Fusha the Grave Robber (level 4, 0/36 HPs)
             Began as a Naga Necromancer on Feb 1, 2015.
             Killed from afar by an orc wizard (6 damage)
             ... with a puff of frost
             ... on level 3 of the Dungeon.
             The game lasted 00:14:04 (2725 turns).

Fusha the Grave Robber (Naga Necromancer)           Turns: 2725, Time: 00:14:05

Health: 0/36       AC:  4    Str: 11    XL:     4   Next: 97%
Magic:  2/9        EV: 10    Int: 16    God:
Gold:   133        SH:  0    Dex: 11    Spells: 4 memorised, 1 level left

rFire  . . .     SeeInvis +     j - +1 dagger (venom)
rCold  . . .     Clarity  .     a - +0 robe
rNeg   . . .     SustAb   .     (no shield)
rPois  +         Gourm    .     k - +0 helmet
rElec  .         Spirit   .     (no cloak)
rCorr  .         Warding  .     m - +2 pair of gloves
rMut   .         Stasis   .     (no barding)
MR     .....                    (no amulet)
Stlth  ++........               l - -2 ring of protection (curse)
                                f - ring of wizardry

@: slowed, very slow, not resistant to hostile enchantments, unstealthy
A: spit poison, see invisible, deformed body, poison resistance, slowness 2, AC
+1
a: Spit Poison


You were on level 3 of the Dungeon.
You were not hungry.

You visited 1 branch of the dungeon, and saw 3 of its levels.

You collected 133 gold pieces.

Inventory:

Hand weapons
 e - a +2 dagger of distortion
 j - a +1 dagger of venom (weapon)
Armour
 a - a +0 robe (worn)
 k - a +0 helmet (worn)
 m - a +2 pair of gloves (worn)
Jewellery
 f - a ring of wizardry (left hand)
 h - an uncursed ring of teleportation
 l - a cursed -2 ring of protection (right hand)
Scrolls
 g - a scroll of immolation
Potions
 d - a potion of heal wounds {unknown}
 n - a potion of poison
 o - a potion of curing {unknown}
Books
 b - a book of Necromancy

   Spells                             Type                      Level
   a - Pain                           Necromancy                   1
   b - Animate Skeleton               Necromancy                   1
   c - Vampiric Draining              Necromancy                   3
   d - Regeneration                   Charms/Necromancy            3
   e - Animate Dead                   Necromancy                   4
   f - Control Undead                 Necromancy                   4
Comestibles
 i - 3 fruits


   Skills:
 + Level 1.7 Dodging
 + Level 3.0 Stealth
 + Level 0.2 Unarmed Combat
 + Level 3.4 Spellcasting
 + Level 5.1 Necromancy


You had one spell level left.
You knew the following spells:

 Your Spells              Type           Power        Failure   Level  Hunger
a - Pain                  Necr           ###.         1%          1    None
b - Animate Skeleton      Necr           N/A          1%          1    None
c - Vampiric Draining     Necr           ###.......   4%          3    ###....
d - Regeneration          Chrm/Necr      ##........   9%          3    ###....


Dungeon Overview and Level Annotations

Branches:
Dungeon (3/15)

Altars:
Ashenzari

Annotations:
D:2 Robin


Innate Abilities, Weirdness & Mutations

You cannot wear boots.
You can spit poison.
Your serpentine skin is tough (AC +1).
You have supernaturally acute eyesight.
Armour fits poorly on your strangely shaped body.
Your system is resistant to poisons.
You cover ground very slowly.


Message History

The orc wizard casts a spell at you. The magic dart hits you!
* * * LOW HITPOINT WARNING * * *
The orc wizard barely misses you. The orc hits you with a club.
* * * LOW HITPOINT WARNING * * *
You closely miss the orc wizard. The orc wizard barely misses you.
The orc wizard hits you but does no damage.
The orc hits you but does no damage. The orc wizard closely misses you.
You barely miss the orc wizard. The orc wizard closely misses you.
The orc barely misses you. The orc wizard barely misses you.
You closely miss the orc wizard. The orc wizard closely misses you.
The orc closely misses you. The orc wizard hits you with a dagger.
* * * LOW HITPOINT WARNING * * *
The orc closely misses you.
Your magical contamination has completely faded away.
You completely miss the orc wizard. The orc wizard closely misses you.
The orc wizard barely misses you. The orc barely misses you.
The orc wizard points at you and mumbles some strange words.
The puff of frost hits you!
You die...

#############
#........§§.##
#........§§@o#
#..#########o#
#....# .# ##
#..#.# .# .##
#..#.# .#
..####..# # .#
........# .#
.#.####.# .#
.#... ..# .


You could see an orc wizard and an orc.

Vanquished Creatures
  An orc wizard (D:3)
  3 adders
  2 giant geckos (D:3)
  A ball python (D:1)
  8 bats
  12 hobgoblins
  2 jackals (D:1)
  3 quokkas
  A giant newt (D:3)
  9 goblins
  8 kobolds
  4 rats
54 creatures vanquished.

Vanquished Creatures (collateral kills)
  A goblin (D:1)
  A kobold (D:1)
2 creatures vanquished.

Vanquished Creatures (others)
  A hobgoblin skeleton (D:1)
  A jackal skeleton (D:1)
  A kobold skeleton (D:1)
  2 rat skeletons (D:1)
5 creatures vanquished.

Grand Total: 61 creatures vanquished

Notes
Turn   | Place    | Note
--------------------------------------------------------------
     0 | D:1      | Fusha, the Naga Necromancer, began the quest for the Orb.
     0 | D:1      | Reached XP level 1. HP: 15/15 MP: 3/3
     2 | D:1      | Learned a level 1 spell: Animate Skeleton
   357 | D:1      | Reached XP level 2. HP: 11/22 MP: 0/4
   793 | D:1      | Found a shattered altar of Ashenzari.
   824 | D:1      | Reached XP level 3. HP: 15/28 MP: 0/6
   829 | D:1      | Learned a level 3 spell: Vampiric Draining
  1973 | D:2      | Noticed Robin
  2342 | D:3      | Reached XP level 4. HP: 36/36 MP: 6/8
  2347 | D:3      | Learned a level 3 spell: Regeneration
  2374 | D:3      | Reached skill level 5 in Necromancy
  2725 | D:3      | Killed from afar by an orc wizard

Action                   |  1- 3 |  4- 6 || total
-------------------------+-------+-------++-------
Melee: Unarmed           |    14 |       ||    14
       Dagger            |     1 |    15 ||    16
 Cast: Pain              |    66 |    28 ||    94
       Animate Skeleton  |     6 |       ||     6
       Regeneration      |       |     2 ||     2
  Use: Scroll            |     2 |     3 ||     5
  Eat: Bread ration      |     1 |     1 ||     2
